 Dungeon Crawl Stone Soup version 0.24-a0-789-g35933f4585 (webtiles) character file.

Game seed: 1576179110766539523, levelgen mode: deterministic

507 Johnny the Digger (level 6, -4/50 HPs)
             Began as a Demigod Earth Elementalist on Oct 10, 2019.
             Slain by Prince Ribbit (16 damage)
             ... on level 5 of the Dungeon.
             The game lasted 00:04:20 (3421 turns).

Johnny the Digger (Demigod Earth Elementalist)      Turns: 3421, Time: 00:04:21

Health: -4/50      AC:  7    Str: 11    XL:     6   Next: 65%
Magic:  10/13      EV: 13    Int: 25    God:
Gold:   206        SH:  0    Dex: 14    Spells: 7/11 levels left

rFire    + . .     SeeInvis .   a - +2 whip (freeze)
rCold    + . .     Gourm    .   (no shield)
rNeg     . . .     Faith    .   t - +0 robe (curse)
rPois    .         Spirit   .   u - +0 helmet
rElec    .         Reflect  .   (no cloak)
rCorr    .         Harm     .   z - +0 pair of gloves
MR       .....                  (no boots)
Stlth    ++........             f - amulet of magic regeneration
HPRegen  0.16/turn              i - ring of protection from fire
MPRegen  0.38/turn              y - ring of protection from cold

@: no status effects
A: iridescent scales 1, clever 1, clumsy 1, high mp 1, shaggy fur 1, no potion
heal 1
a: no special abilities


You were on level 5 of the Dungeon.
You were hungry.

You visited 1 branch of the dungeon, and saw 5 of its levels.

You collected 206 gold pieces.

Inventory:

Hand Weapons
 a - a +2 whip of freezing (weapon)
Missiles
 b - 52 stones (quivered)
Armour
 t - a cursed +0 robe (worn)
 u - a +0 helmet (worn)
 z - a +0 pair of gloves (worn)
Jewellery
 f - an amulet of magic regeneration (around neck)
 i - a ring of protection from fire (left hand)
 x - an uncursed amulet of regeneration {unknown}
 y - a ring of protection from cold (right hand)
Wands
 p - a wand of digging (5)
 A - a wand of clouds (4)
Scrolls
 e - 2 scrolls of teleportation {unknown}
 h - 7 scrolls of remove curse {unknown}
 k - a scroll of enchant armour {unknown}
 l - a scroll of noise {unknown}
 m - 2 scrolls of identify {unknown}
 o - 2 scrolls of immolation {unknown}
 q - a scroll of random uselessness {unknown}
 r - 3 scrolls of fear {unknown}
 v - 2 scrolls of blinking {unknown}
Potions
 c - a potion of might {unknown}
 j - a potion of lignification {unknown}
 n - a potion of ambrosia {unknown}
 w - a potion of curing
 B - a potion of flight {unknown}
Comestibles
 d - 6 rations


   Skills:
 + Level 2.6 Fighting
 + Level 3.3 Dodging
 - Level 1.7 Stealth
 + Level 3.1 Spellcasting
   Level 0.8 Transmutations
 * Level 5.1 Earth Magic


You had 7 spell levels left.
You knew the following spells:

 Your Spells              Type           Power        Failure   Level  Hunger
a - Sandblast             Erth           ####..       1%          1    None
b - Stone Arrow           Conj/Erth      ###...       11%         3    ###....

Your spell library contained the following spells:

 Spells                   Type           Power        Failure   Level  Hunger
 Passwall                 Tmut/Erth      ###.....     4%          2    ##.....
 Petrify                  Tmut/Erth      ###.....     28%         4    ####...
 Lee's Rapid Deconstruct  Erth           ####......   34%         5    ######.


Dungeon Overview and Level Annotations

Branches:
Dungeon (5/15)
 Temple: D:4-7

Annotations:
D:5 Prince Ribbit


Innate Abilities, Weirdness & Mutations

You have an increased reservoir of magic. (+10% MP)
You are partially covered in iridescent scales. (AC +2)
Your mind is acute. (Int +2)
You are clumsy. (Dex -2)
You are covered in fur. (AC +1)
Potions are less effective at restoring your health.


Message History

Confirm with . or Enter, or press ? or * to list all spells.
Aiming: Sandblast (safe; 1% risk of failure)
Press: ? - help, Shift-Dir - straight line, f/p - orc priest
Aim: an orc priest (severely wounded)
The blast of sand hits the orc priest!!
You kill the orc priest!
b - 53 stones
Casting: Sandblast (safe; 1% risk of failure)
Confirm with . or Enter, or press ? or * to list all spells.
Aiming: Sandblast (safe; 1% risk of failure)
Press: ? - help, Shift-Dir - straight line, f - Prince Ribbit
Aim: Prince Ribbit The blast of sand hits Prince Ribbit!
Prince Ribbit is moderately wounded.
b - 52 stones Prince Ribbit hits you!
* * * LOW HITPOINT WARNING * * *
An orc priest comes into view. It is wielding a +0 short sword.
Prince Ribbit hits you!
You die...

#.# .. ... .. .......
#.#.#.#######
##.#o......(..
............. .. .....
#F#.......... #.###.#.#
#@#.5........ 8## #.. ..#.#
#.##......... ..8##.. #.#.#
#.##........! ...##..##.#.#
#.##.........
..>#.......####†##.........
..##.........>.)..Z....####
#.#........†.#...####
#...###..##.##...#
######...##............


You could see Prince Ribbit and an orc priest.

Vanquished Creatures
  An ogre (D:4)
  2 hounds
  2 orc wizards (D:4)
  2 orc priests
  A bullfrog skeleton (D:4)
  An iguana (D:4)
  2 worker ants (D:5)
  Robin (D:3)
  A gnoll (D:4)
  5 adders
  An adder skeleton (D:4)
  A worm (D:3)
  3 dart slugs (D:1)
  2 leopard geckos
  8 orcs
  2 ball pythons
  5 giant cockroaches
  16 goblins
  8 hobgoblins
  7 jackals
  8 kobolds
  5 quokkas
  10 bats
  3 frilled lizards
  A leopard gecko zombie (D:5)
  A quokka skeleton (D:5)
  5 rats
104 creatures vanquished.

Vanquished Creatures (others)
  A hound (D:4)
  3 gnolls (D:4)
4 creatures vanquished.

Grand Total: 108 creatures vanquished

Notes
Turn   | Place    | Note
-------+----------+-------------------------------------------
     0 | D:1      | Johnny the Demigod Earth Elementalist began the quest for
                  | the Orb.
     0 | D:1      | Reached XP level 1. HP: 14/14 MP: 5/5
   240 | D:1      | Reached XP level 2. HP: 13/22 MP: 1/7
   241 | D:1      | Reached skill level 3 in Earth Magic
   880 | D:1      | Reached XP level 3. HP: 21/27 MP: 8/8
  1019 | D:1      | Reached skill level 1 in Fighting
  1024 | D:1      | Learned a level 3 spell: Stone Arrow
  1891 | D:2      | Found a burning altar of Makhleb.
  1891 | D:2      | Found a shimmering altar of Xom.
  2067 | D:3      | Noticed Robin
  2081 | D:3      | Killed Robin
  2081 | D:3      | Reached XP level 4. HP: 31/35 MP: 3/10
  2315 | D:3      | Found an opulent altar of Gozag.
  2783 | D:4      | Reached skill level 4 in Earth Magic
  2840 | D:4      | Reached XP level 5. HP: 36/41 MP: 11/11
  2847 | D:4      | Noticed an ogre
  2852 | D:4      | Killed an ogre
  2923 | D:4      | Reached XP level 6. HP: 28/48 MP: 10/13
  3162 | D:4      | Found a radiant altar of Vehumet.
  3247 | D:5      | Entered Level 5 of the Dungeon
  3397 | D:5      | Gained mutation: You tend to lose your temper in combat.
                  | [potion of mutation]
  3397 | D:5      | Gained mutation: Potions are less effective at restoring
                  | your health. [potion of mutation]
  3397 | D:5      | Gained mutation: You are somewhat resistant to further
                  | mutation. [potion of mutation]
  3408 | D:5      | Lost mutation: You are somewhat resistant to further
                  | mutation. [potion of mutation]
  3408 | D:5      | Lost mutation: You tend to lose your temper in combat.
                  | [potion of mutation]
  3408 | D:5      | Gained mutation: You are partially covered in iridescent
                  | scales. (AC +2) [potion of mutation]
  3408 | D:5      | Gained mutation: You are clumsy. (Dex -2) [potion of
                  | mutation]
  3408 | D:5      | Gained mutation: Your mind is acute. (Int +2) [potion of
                  | mutation]
  3408 | D:5      | Gained mutation: You are covered in fur. (AC +1) [potion of
                  | mutation]
  3418 | D:5      | Reached skill level 5 in Earth Magic
  3419 | D:5      | Noticed Prince Ribbit
  3421 | D:5      | Slain by Prince Ribbit

Levels and vault maps discovered:
D:1:      dpeg_arrival_long_road, layout_basic, st_stairs_12,
          minmay_crystal_water
D:2:      layout_basic, gammafunk_temple_overflow_pools, minmay_quantized
D:3:      layout_basic, first_ration,
          nicolae_gozag_cash_rules_everything_around_me, uniq_robin
D:4:      layout_basic, fiery_altar_vehumet
D:5:      layout_basic, nicolae_overflow_hidden_temple, lightli_temple_of_fire,
          uniq_prince_ribbit1

Skill      XL: |  1  2  3  4  5  6 |
---------------+-------------------+-----
Dodging        | 2 3 |  3.3
Earth Magic    | 3 4 5 |  5.1
Spellcasting   | 2 3 |  3.1
Fighting       | 1 2 |  2.6
Stealth        | |  1.7
Transmutations | |  0.8

Action                   |  1- 3 |  4- 6 || total
-------------------------+-------+-------++-------
Melee: Whip              |    79 |   105 ||   184
       Unarmed           |     1 |       ||     1
 Cast: Sandblast         |    32 |    47 ||    79
       Stone Arrow       |       |     1 ||     1
  Use: Potion            |       |     5 ||     5
 Stab: Sleeping          |     7 |     7 ||    14
  Eat: Chunk             |     3 |     5 ||     8
Armor: Robe              |    17 |    20 ||    37
Dodge: Dodged            |    85 |    97 ||   182

Table legend:
 A = Non-vault XP
 B = Vault XP
 C = Vault XP percentage of total XP
 D = Non-vault monster count
 E = Vault monster count
 F = Vault count percentage of total count
                 A         B        C        D         E       F
            +---------+---------+-------+---------+---------+-------
      Total |     685 |      40 |   5.5 |      89 |      15 |  14.4
            +---------+---------+-------+---------+---------+-------
        D:1 |      55 |       3 |   5.2 |      28 |       2 |   6.7
        D:2 |      35 |       3 |   7.9 |      17 |       2 |  10.5
        D:3 |      33 |      34 |  50.7 |       9 |      11 |  55.0
        D:4 |     380 |       0 |   0.0 |      21 |       0 |   0.0
        D:5 |     182 |       0 |   0.0 |      14 |       0 |   0.0
            +---------+---------+-------+---------+---------+-------
